Rampage vs Little Stars
(R1)
Created - October 18, 2023 at 19:21
Goals
|
Rampage |
3 |
2 |
3 |
8 |
Little Stars |
3 |
0 |
1 |
4 |
|
Shots
|
Rampage |
14 |
6 |
13 |
33 |
Little Stars |
22 |
6 |
8 |
36 |
|
1st period
1. Rampage , Jordan Kyrou 2 (Pierre Engvall 2, Anthony Richard 1) at 0:46
2. Rampage , Dylan Sikura 1 (Artturi Lehkonen 1, Zach Stepan 2) at 0:58
3. Rampage , Jordan Kyrou 3 (Anthony Richard 2, Trent Frederic 1) at 1:36
4. Little Stars , Matt Luff 1 (Jason Dickinson 2, Joakim Nygard 3) at 5:19
5. Little Stars , Adam Tambellini 3 (Daniel O'regan 3, Ilya Mikheyev 8) at 8:02 (PP)
6. Little Stars , Daniel O'regan 6 (Ilya Mikheyev 9, Adam Tambellini 3) at 12:57
Penalties :
Dominik Simon (San) for Holding (Minor) at 7:46
2nd period
7. Rampage , Dominik Simon 3 (Joachim Blichfeld 3) at 12:02
8. Rampage , Trent Frederic 1 (Dylan Blujus 2) at 15:07
Penalties :
Dylan Sikura (San) for Hooking (Minor) at 4:43, Sami Niku (San) for Tripping (Minor) at 8:10, Tucker Poolman (Tex) for Hooking (Minor) at 15:16
3rd period
9. Rampage , Joachim Blichfeld 3 (Dominik Simon 4, Rourke Chartier 5) at 0:08
10. Little Stars , Jason Dickinson 3 (Joakim Nygard 4, Matt Luff 2) at 12:53
11. Rampage , Jordan Kyrou 4 (Dominik Simon 5, Rourke Chartier 6) at 14:04 (PP)
12. Rampage , Paul Cotter 1 (Anthony Richard 3, Henri Jokiharju 2) at 19:06 (PP)
Penalties :
Dominik Simon (San) for Tripping (Minor) at 8:54, Ville Pokka (Tex) for Holding (Minor) at 14:03, Dylan Blujus (San) for Hooking (Minor) at 15:18, Filip Chytil (Tex) for High sticking (Minor) at 18:30
Goalie Stats
Jake Oettinger (San), 32 saves from 36 shots - (0.889), W, 3-1-0, 60:00 minutes
Danil Tarasov (Tex), 11 saves from 14 shots - (0.786), 24:53 minutes
Michael Houser (Tex), 14 saves from 19 shots - (0.737), L, 1-1-0, 35:07 minutes
Players Stats for Rampage
Player Name G A P +/- PIM S H SB GA TA FO MP PP MP PK MP
------------------------------------------------------------------------------------
Anthony Richard 0 3 3 2 0 3 5 0 1 0 3/8 14:50 1:09 0:24
Artturi Lehkonen 0 1 1 1 0 2 0 0 0 0 0/1 13:19 0:00 2:04
Dominik Simon 1 2 3 0 4 5 2 1 1 0 1/3 19:27 1:27 0:54
Dylan Blujus 0 1 1 1 2 0 0 3 0 1 0/0 23:21 0:00 3:31
Dylan Sikura 1 0 1 1 2 4 1 0 1 0 0/0 13:41 0:00 1:41
Emil Bemstrom 0 0 0 0 0 1 0 0 0 0 0/0 6:58 0:00 0:00
Ethan Bear 0 0 0 -1 0 0 3 1 1 0 0/0 24:57 1:32 3:27
Frederic Allard 0 0 0 3 0 0 0 0 0 0 0/0 10:47 0:00 0:35
Henri Jokiharju 0 1 1 0 0 0 0 2 0 0 0/0 21:06 1:04 4:45
Jeremy Lauzon 0 0 0 -1 0 1 2 1 0 2 0/0 24:19 1:32 3:19
Joachim Blichfeld 1 1 2 0 0 6 0 1 0 0 0/0 18:03 1:09 0:00
Jordan Kyrou 3 0 3 2 0 7 0 0 1 0 0/1 14:34 1:21 0:00
Paul Cotter 1 0 1 0 0 2 1 0 0 0 0/0 8:34 1:09 0:23
Pierre Engvall 0 1 1 2 0 1 1 3 0 0 2/2 17:39 0:00 4:20
Rourke Chartier 0 2 2 0 0 0 2 2 0 0 19/36 18:17 1:27 0:00
Sami Niku 0 0 0 4 2 0 3 1 0 0 0/0 16:02 1:04 0:47
Trent Frederic 1 1 2 0 0 1 1 1 0 0 4/7 11:27 0:06 4:17
Zach Stepan 0 1 1 1 0 0 0 0 0 0 5/8 14:22 0:00 2:21
Players Stats for Little Stars
Player Name G A P +/- PIM S H SB GA TA FO MP PP MP PK MP
------------------------------------------------------------------------------------
Adam Tambellini 1 1 2 -1 0 3 0 1 0 0 2/2 22:23 4:02 1:43
Cal Burke 0 0 0 0 0 1 1 0 0 0 0/0 7:40 0:00 0:00
Connor Mackey 0 0 0 1 0 0 1 1 0 0 0/0 11:09 0:00 0:48
Daniel O'regan 1 1 2 -1 0 4 1 1 0 0 13/35 22:23 4:02 1:43
Emile Poirier 0 0 0 0 0 3 0 0 0 1 0/0 8:51 0:18 0:30
Evan Bouchard 0 0 0 -2 0 0 0 1 0 0 0/0 21:37 3:16 1:46
Filip Chytil 0 0 0 0 2 2 0 0 0 0 2/3 8:01 0:00 0:17
Ilya Mikheyev 0 2 2 -1 0 4 2 0 0 0 2/2 20:46 4:02 0:01
Jason Dickinson 1 1 2 -1 0 2 1 0 1 0 6/12 17:39 3:52 0:36
Joakim Nygard 0 2 2 -1 0 6 0 0 1 1 2/3 17:26 3:52 0:23
Justin Auger 0 0 0 -1 0 0 0 0 0 0 1/1 11:56 0:18 0:00
Lawrence Pilut 0 0 0 1 0 0 2 0 0 0 0/0 11:09 0:00 0:48
Matt Luff 1 1 2 -1 0 3 5 0 0 1 0/0 17:03 3:52 0:00
Radel Fazleev 0 0 0 -1 0 3 1 0 0 0 4/8 11:20 0:00 0:00
Reece Willcox 0 0 0 -2 0 1 1 4 0 0 0/0 28:07 4:56 1:11
Shane Gersich 0 0 0 -1 0 3 1 1 0 0 0/0 11:56 0:18 0:00
Tucker Poolman 0 0 0 -2 2 0 1 1 0 0 0/0 27:12 4:56 0:01
Ville Pokka 0 0 0 -2 2 1 2 3 1 2 0/0 20:43 3:16 0:37
3 Stars
1 - Jordan Kyrou (San)
2 - Anthony Richard (San)
3 - Trent Frederic (San)
Power Play
Rampage - 2 on 3 Attempt(s) - 66.67%
Little Stars - 1 on 5 Attempt(s) - 20.00%
Penalty Kill
Rampage - 4 on 5 Attempt(s) - 80.00%
- Score 0 goal in Penalty Kill
Little Stars - 1 on 3 Attempt(s) - 33.33%
- Score 0 goal in Penalty Kill
Team Stat
Rampage - Hits : 21 - Faceoff Wins : 34 - Blocked Shots : 16 - Penalty Minutes : 10
Little Stars - Hits : 19 - Faceoff Wins : 32 - Blocked Shots : 13 - Penalty Minutes : 6
Official
Referees : Kevin Pollock and Marc Joannette
Linesman : Libor Suchanek and Kory Nagy
Game Notes
Danil Tarasov enters game at 15:07 of 2nd period
2:06 of 3rd period - Rampage goal is going for a video replay. After video review, No Goal. The puck has been directed, batted or thrown into the net by an attacking player other than with a stick.
Jordan Kyrou has scored a Hat Trick!
Finance
Level 1 -- Attendance: 1756 (87.80%) -- Ticket Income $122,920
Level 2 -- Attendance: 970 (97.00%) -- Ticket Income $38,800
Total Attendance: 2726 (90.87%)
Total Ticket Income: $161,720
Other Income: $8,086
Total Income: $169,806
Rampage
5 vs 5 Forward
Center Left Wing Right Wing Time % Phy DF OF
1 Rourke Chartier Dominik Simon Joachim Blichfeld 40 1 2 2
2 Anthony Richard Pierre Engvall Jordan Kyrou 30 1 2 2
3 Zach Stepan Artturi Lehkonen Dylan Sikura 20 1 2 2
4 Trent Frederic Paul Cotter Emil Bemstrom 10 1 2 2
5 vs 5 Defense
Defense Defense Time % Phy DF OF
1 Jeremy Lauzon Ethan Bear 40 1 2 2
2 Dylan Blujus Henri Jokiharju 30 1 2 2
3 Frederic Allard Sami Niku 20 1 2 2
4 Sami Niku Dylan Blujus 10 1 2 2
PowerPlay Forward
Center Left Wing Right Wing Time % Phy DF OF
1 Rourke Chartier Dominik Simon Jordan Kyrou 60 1 2 2
2 Anthony Richard Paul Cotter Joachim Blichfeld 40 1 2 2
PowerPlay Defense
Defense Defense Time % Phy DF OF
1 Ethan Bear Jeremy Lauzon 60 1 2 2
2 Henri Jokiharju Sami Niku 40 1 2 2
Penalty Kill 4 Players Forward
Center Wing Time % Phy DF OF
1 Trent Frederic Pierre Engvall 60 1 2 2
2 Zach Stepan Dylan Sikura 40 1 2 2
Penalty Kill 4 Players Defense
Defense Defense Time % Phy DF OF
1 Henri Jokiharju Dylan Blujus 60 1 2 2
2 Ethan Bear Jeremy Lauzon 40 1 2 2
Penalty Kill - 3 Players Forward
Forward Time % Phy DF OF
1 Trent Frederic 60 1 2 2
2 Pierre Engvall 40 1 2 2
Penalty Kill - 3 Players Defense
Defense Defense Time % Phy DF OF
1 Henri Jokiharju Dylan Blujus 60 1 2 2
2 Jeremy Lauzon Ethan Bear 40 1 2 2
4 vs 4 Forward
Center Wing Time % Phy DF OF
1 Rourke Chartier Dominik Simon 60 1 2 2
2 Zach Stepan Pierre Engvall 40 1 2 2
4 vs 4 Defense
Defense Defense Time % Phy DF OF
1 Sami Niku Ethan Bear 60 1 2 2
2 Dylan Blujus Jeremy Lauzon 40 1 2 2
Last Minutes Offensive
Center Left Wing Right Wing Defense Defense
Rourke Chartier Dominik Simon Joachim Blichfeld Jeremy Lauzon Ethan Bear
Last Minutes Defensive
Center Left Wing Right Wing Defense Defense
Trent Frederic Pierre Engvall Dylan Sikura Henri Jokiharju Dylan Blujus
Goaltenders
Starting : Jake Oettinger
Backup : Magnus Hellberg
Extra Forwards
Normal : Dominik Simon, Dylan Sikura, Zach Stepan - PP : Trent Frederic, Jordan Kyrou - PK : Artturi Lehkonen
Extra Defensemen
Normal : Dylan Blujus, Ethan Bear, Henri Jokiharju - PP : Sami Niku - PK : Frederic Allard, Sami Niku
Penalty Shots
Jordan Kyrou, Rourke Chartier, Anthony Richard, Joachim Blichfeld, Dylan Sikura
Custom OT Lines Forwards
Dominik Simon, Pierre Engvall, Rourke Chartier, Jordan Kyrou, Dylan Sikura, Anthony Richard, Joachim Blichfeld, Zach Stepan, Artturi Lehkonen, Paul Cotter
Custom OT Lines Defensemen
Ethan Bear, Dylan Blujus, Jeremy Lauzon, Sami Niku, Henri Jokiharju
Scratches
Rasmus Kupari (Healthy), Nathan Smith (Healthy), Calen Addison (Healthy), Matt Roy (Left Foot Injury), Warren Foegele (Healthy)
Trey Fix-Wolansky (Healthy), Emil Larmi (Healthy)
Little Stars
5 vs 5 Forward
Center Left Wing Right Wing Time % Phy DF OF
1 Daniel O'regan Adam Tambellini Ilya Mikheyev 40 1 2 2
2 Jason Dickinson Joakim Nygard Matt Luff 30 1 2 2
3 Radel Fazleev Shane Gersich Justin Auger 20 1 2 2
4 Filip Chytil Emile Poirier Cal Burke 10 1 2 2
5 vs 5 Defense
Defense Defense Time % Phy DF OF
1 Reece Willcox Tucker Poolman 40 1 2 2
2 Ville Pokka Evan Bouchard 30 1 2 2
3 Connor Mackey Lawrence Pilut 20 1 2 2
4 Reece Willcox Tucker Poolman 10 1 2 2
PowerPlay Forward
Center Left Wing Right Wing Time % Phy DF OF
1 Daniel O'regan Adam Tambellini Ilya Mikheyev 60 0 2 3
2 Jason Dickinson Joakim Nygard Matt Luff 40 0 2 3
PowerPlay Defense
Defense Defense Time % Phy DF OF
1 Reece Willcox Tucker Poolman 60 1 2 2
2 Ville Pokka Evan Bouchard 40 1 2 2
Penalty Kill 4 Players Forward
Center Wing Time % Phy DF OF
1 Daniel O'regan Adam Tambellini 60 1 2 2
2 Jason Dickinson Joakim Nygard 40 1 2 2
Penalty Kill 4 Players Defense
Defense Defense Time % Phy DF OF
1 Reece Willcox Tucker Poolman 60 0 3 2
2 Ville Pokka Evan Bouchard 40 0 3 2
Penalty Kill - 3 Players Forward
Forward Time % Phy DF OF
1 Daniel O'regan 60 1 2 2
2 Jason Dickinson 40 1 2 2
Penalty Kill - 3 Players Defense
Defense Defense Time % Phy DF OF
1 Reece Willcox Tucker Poolman 60 1 2 2
2 Ville Pokka Evan Bouchard 40 1 2 2
4 vs 4 Forward
Center Wing Time % Phy DF OF
1 Daniel O'regan Adam Tambellini 60 1 2 2
2 Jason Dickinson Joakim Nygard 40 1 2 2
4 vs 4 Defense
Defense Defense Time % Phy DF OF
1 Reece Willcox Tucker Poolman 60 1 2 2
2 Ville Pokka Evan Bouchard 40 1 2 2
Last Minutes Offensive
Center Left Wing Right Wing Defense Defense
Daniel O'regan Adam Tambellini Ilya Mikheyev Reece Willcox Tucker Poolman
Last Minutes Defensive
Center Left Wing Right Wing Defense Defense
Daniel O'regan Adam Tambellini Ilya Mikheyev Reece Willcox Tucker Poolman
Goaltenders
Starting : Michael Houser
Backup : Danil Tarasov
Extra Forwards
Normal : Jason Dickinson, Shane Gersich, Matt Luff - PP : Jason Dickinson, Shane Gersich - PK : Jason Dickinson
Extra Defensemen
Normal : Evan Bouchard, Connor Mackey, Lawrence Pilut - PP : Evan Bouchard - PK : Evan Bouchard, Connor Mackey
Penalty Shots
Ilya Mikheyev, Adam Tambellini, Daniel O'regan, Joakim Nygard, Jason Dickinson
Custom OT Lines Forwards
Ilya Mikheyev, Adam Tambellini, Daniel O'regan, Joakim Nygard, Jason Dickinson, Shane Gersich, Matt Luff, Emile Poirier, Justin Auger, Radel Fazleev
Custom OT Lines Defensemen
Reece Willcox, Tucker Poolman, Ville Pokka, Evan Bouchard, Connor Mackey
Scratches
Jack McBain (Healthy), Jean-Christophe Beaudin (Healthy), Rudolfs Balcers (Healthy), Yakov Trenin (Healthy), Joey Anderson (Healthy)
Jonathan Dahlen (Healthy), Givani Smith (Healthy), Blade Jenkins (Healthy), Bulat Shafigullin (Healthy)
% Time on Ice - Rampage
Lines # - Real PCT - Wanted PCT - Time Play
Normal Forward
1 - 34% - 40% - 16:56
2 - 29% - 30% - 14:16
3 - 22% - 20% - 11:02
4 - 14% - 10% - 6:58
Normal Defense
1 - 41% - 40% - 20:21
2 - 30% - 30% - 14:54
3 - 20% - 20% - 9:45
4 - 9% - 10% - 4:12
PP Forward
1 - 56% - 60% - 1:27
2 - 44% - 40% - 1:09
PP Defense
1 - 59% - 60% - 1:32
2 - 41% - 40% - 1:04
PK Forward
1 - 71% - 60% - 5:51
2 - 29% - 40% - 2:21
PK Defense
1 - 60% - 60% - 4:53
2 - 40% - 40% - 3:19
PK3 Forward
1 - 0% - 60%
2 - 0% - 40%
PK3 Defense
1 - 0% - 60%
2 - 0% - 40%
44 Forward
1 - 0% - 60%
2 - 0% - 40%
44 Defense
1 - 0% - 60%
2 - 0% - 40%
Last Minute Offensive - 0:00
Last Minute Defensive - 0:00
Total
Forward - 60:00
Defense - 60:00
|
% Time on Ice - Little Stars
Lines # - Real PCT - Wanted PCT - Time Play
Normal Forward
1 - 35% - 40% - 17:01
2 - 27% - 30% - 13:11
3 - 23% - 20% - 11:20
4 - 16% - 10% - 7:40
Normal Defense
1 - 38% - 40% - 18:41
2 - 34% - 30% - 16:35
3 - 21% - 20% - 10:21
4 - 7% - 10% - 3:35
PP Forward
1 - 53% - 60% - 4:20
2 - 47% - 40% - 3:52
PP Defense
1 - 60% - 60% - 4:56
2 - 40% - 40% - 3:16
PK Forward
1 - 85% - 60% - 2:13
2 - 15% - 40% - 0:23
PK Defense
1 - 77% - 60% - 2:00
2 - 23% - 40% - 0:36
PK3 Forward
1 - 0% - 60%
2 - 0% - 40%
PK3 Defense
1 - 0% - 60%
2 - 0% - 40%
44 Forward
1 - 0% - 60%
2 - 0% - 40%
44 Defense
1 - 0% - 60%
2 - 0% - 40%
Last Minute Offensive - 0:00
Last Minute Defensive - 0:00
Total
Forward - 60:00
Defense - 60:00
|
Play-by-Play
1st period
0:01 of 1st period - Rourke Chartier wins face-off versus Daniel O'regan in neutral zone.
0:08 of 1st period - Snap shot by Joachim Blichfeld.
0:08 of 1st period - Stopped by Michael Houser without a rebound.
0:09 of 1st period - Ilya Mikheyev wins face-off versus Dominik Simon in Little Stars zone.
0:30 of 1st period - Snap shot by Rourke Chartier.
0:30 of 1st period - Deflect By Daniel O'regan.
0:30 of 1st period - Shot Misses the Net.
0:30 of 1st period - Puck is out of play.
0:31 of 1st period - Anthony Richard wins face-off versus Jason Dickinson in Little Stars zone.
0:38 of 1st period - Snap shot by Anthony Richard.
0:38 of 1st period - Stopped by Michael Houser with a rebound.
0:40 of 1st period - Snap shot by Pierre Engvall.
0:40 of 1st period - Shot Blocked by Evan Bouchard.
0:46 of 1st period - Wrist shot by Jordan Kyrou.
0:46 of 1st period - Goal by Jordan Kyrou - Rampage : 1 - Little Stars : 0.
0:47 of 1st period - Zach Stepan wins face-off versus Radel Fazleev in neutral zone.
0:58 of 1st period - Snap shot by Artturi Lehkonen.
0:58 of 1st period - Deflect By Dylan Sikura.
0:58 of 1st period - Goal by Dylan Sikura - Rampage : 2 - Little Stars : 0.
0:59 of 1st period - Trent Frederic wins face-off versus Filip Chytil in neutral zone.
1:36 of 1st period - Snap shot by Jordan Kyrou.
1:36 of 1st period - Goal by Jordan Kyrou - Rampage : 3 - Little Stars : 0.
1:37 of 1st period - Rourke Chartier wins face-off versus Daniel O'regan in neutral zone.
1:42 of 1st period - Snap shot by Dominik Simon.
1:42 of 1st period - Shot Misses the Net.
1:44 of 1st period - Snap shot by Joachim Blichfeld.
1:44 of 1st period - Shot Blocked by Ville Pokka.
1:54 of 1st period - Slapshot by Dominik Simon.
1:54 of 1st period - Shot Blocked by Daniel O'regan.
2:04 of 1st period - Henri Jokiharju is hit by Ville Pokka and loses puck.
2:25 of 1st period - Snap shot by Joakim Nygard.
2:25 of 1st period - Stopped by Jake Oettinger without a rebound.
2:26 of 1st period - Pierre Engvall wins face-off versus Jason Dickinson in Rampage zone.
2:26 of 1st period - Pierre Engvall is hit by Reece Willcox.
2:38 of 1st period - Wrist shot by Joakim Nygard.
2:38 of 1st period - Shot Blocked by Jeremy Lauzon.
2:54 of 1st period - Wrist shot by Joakim Nygard.
2:54 of 1st period - Shot Misses the Net.
2:56 of 1st period - Snap shot by Matt Luff.
2:56 of 1st period - Deflect By Jason Dickinson.
2:56 of 1st period - Stopped by Jake Oettinger without a rebound.
2:57 of 1st period - Rourke Chartier wins face-off versus Daniel O'regan in Rampage zone.
3:12 of 1st period - Snap shot by Daniel O'regan.
3:12 of 1st period - Deflect By Ilya Mikheyev.
3:12 of 1st period - Stopped by Jake Oettinger without a rebound.
3:13 of 1st period - Radel Fazleev wins face-off versus Zach Stepan in Rampage zone.
3:26 of 1st period - Snap shot by Dylan Sikura.
3:26 of 1st period - Shot Blocked by Reece Willcox.
3:28 of 1st period - Snap shot by Artturi Lehkonen.
3:28 of 1st period - Stopped by Michael Houser without a rebound.
3:29 of 1st period - Rourke Chartier wins face-off versus Daniel O'regan in Little Stars zone.
3:38 of 1st period - Ilya Mikheyev is hit by Ethan Bear and loses puck.
3:55 of 1st period - Tucker Poolman is hit by Jeremy Lauzon and loses puck.
4:38 of 1st period - Snap shot by Joakim Nygard.
4:38 of 1st period - Stopped by Jake Oettinger without a rebound.
4:39 of 1st period - Jason Dickinson wins face-off versus Rourke Chartier in Rampage zone.
4:48 of 1st period - Joachim Blichfeld is hit by Matt Luff and loses puck.
5:19 of 1st period - Wrist shot by Jason Dickinson.
5:19 of 1st period - Deflect By Matt Luff.
5:19 of 1st period - Goal by Matt Luff - Rampage : 3 - Little Stars : 1.
5:20 of 1st period - Anthony Richard wins face-off versus Daniel O'regan in neutral zone.
5:23 of 1st period - Slapshot by Jordan Kyrou.
5:23 of 1st period - Stopped by Michael Houser with a rebound.
5:25 of 1st period - Wrist shot by Pierre Engvall.
5:25 of 1st period - Stopped by Michael Houser with a rebound.
5:27 of 1st period - Wrist shot by Frederic Allard.
5:27 of 1st period - Shot Blocked by Tucker Poolman.
5:37 of 1st period - Wrist shot by Anthony Richard.
5:37 of 1st period - Stopped by Michael Houser with a rebound.
5:47 of 1st period - Zach Stepan is hit by Shane Gersich and loses puck.
6:12 of 1st period - Snap shot by Emile Poirier.
6:12 of 1st period - Stopped by Jake Oettinger with a rebound.
6:14 of 1st period - Snap shot by Connor Mackey.
6:14 of 1st period - Deflect By Emile Poirier.
6:14 of 1st period - Stopped by Jake Oettinger with a rebound.
6:16 of 1st period - Snap shot by Filip Chytil.
6:16 of 1st period - Stopped by Jake Oettinger with a rebound.
6:36 of 1st period - Ethan Bear is hit by Matt Luff and loses puck.
7:13 of 1st period - Wrist shot by Zach Stepan.
7:13 of 1st period - Deflect By Dylan Sikura.
7:13 of 1st period - Stopped by Michael Houser with a rebound.
7:46 of 1st period - Minor Penalty to Dominik Simon for Holding.
7:47 of 1st period - Trent Frederic wins face-off versus Daniel O'regan in Rampage zone.
8:02 of 1st period - Wrist shot by Adam Tambellini.
8:02 of 1st period - Goal by Adam Tambellini - Rampage : 3 - Little Stars : 2.
8:03 of 1st period - Daniel O'regan wins face-off versus Anthony Richard in neutral zone.
8:18 of 1st period - Snap shot by Adam Tambellini.
8:18 of 1st period - Stopped by Jake Oettinger without a rebound.
8:19 of 1st period - Joakim Nygard wins face-off versus Rourke Chartier in Rampage zone.
8:20 of 1st period - Wrist shot by Jason Dickinson.
8:20 of 1st period - Shot Blocked by Joachim Blichfeld.
8:22 of 1st period - Slapshot by Joakim Nygard.
8:22 of 1st period - Stopped by Jake Oettinger with a rebound.
8:24 of 1st period - Slapshot by Ville Pokka.
8:24 of 1st period - Stopped by Jake Oettinger with a rebound.
8:34 of 1st period - Wrist shot by Joakim Nygard.
8:34 of 1st period - Deflect By Jason Dickinson.
8:34 of 1st period - Shot Blocked by Sami Niku.
8:34 of 1st period - Puck is out of play.
8:35 of 1st period - Pierre Engvall wins face-off versus Daniel O'regan in Rampage zone.
8:44 of 1st period - Snap shot by Daniel O'regan.
8:44 of 1st period - Shot Misses the Net.
8:46 of 1st period - Wrist shot by Daniel O'regan.
8:46 of 1st period - Stopped by Jake Oettinger without a rebound.
8:47 of 1st period - Daniel O'regan wins face-off versus Rourke Chartier in Rampage zone.
10:41 of 1st period - Wrist shot by Joakim Nygard.
10:41 of 1st period - Shot Misses the Net.
11:17 of 1st period - Artturi Lehkonen is hit by Cal Burke and loses puck.
11:22 of 1st period - Snap shot by Cal Burke.
11:22 of 1st period - Shot Misses the Net.
11:37 of 1st period - Off-side.
11:38 of 1st period - Jason Dickinson wins face-off versus Rourke Chartier in neutral zone.
12:17 of 1st period - Slapshot by Adam Tambellini.
12:17 of 1st period - Shot Misses the Net.
12:27 of 1st period - Snap shot by Radel Fazleev.
12:27 of 1st period - Stopped by Jake Oettinger without a rebound.
12:28 of 1st period - Zach Stepan wins face-off versus Radel Fazleev in Rampage zone.
12:57 of 1st period - Wrist shot by Daniel O'regan.
12:57 of 1st period - Goal by Daniel O'regan - Rampage : 3 - Little Stars : 3.
12:58 of 1st period - Rourke Chartier wins face-off versus Daniel O'regan in neutral zone.
13:05 of 1st period - Snap shot by Dominik Simon.
13:05 of 1st period - Shot Misses the Net.
13:07 of 1st period - Slapshot by Sami Niku.
13:07 of 1st period - Shot Blocked by Adam Tambellini.
13:09 of 1st period - Slapshot by Joachim Blichfeld.
13:09 of 1st period - Shot Misses the Net.
13:15 of 1st period - Wrist shot by Joachim Blichfeld.
13:15 of 1st period - Shot Blocked by Reece Willcox.
13:25 of 1st period - Reece Willcox is hit by Pierre Engvall and loses puck.
13:56 of 1st period - Wrist shot by Shane Gersich.
13:56 of 1st period - Stopped by Jake Oettinger with a rebound.
14:38 of 1st period - Wrist shot by Jordan Kyrou.
14:38 of 1st period - Stopped by Michael Houser without a rebound.
14:39 of 1st period - Rourke Chartier wins face-off versus Daniel O'regan in Little Stars zone.
14:44 of 1st period - Snap shot by Dominik Simon.
14:44 of 1st period - Stopped by Michael Houser without a rebound.
14:45 of 1st period - Daniel O'regan wins face-off versus Rourke Chartier in Little Stars zone.
14:56 of 1st period - Wrist shot by Daniel O'regan.
14:56 of 1st period - Shot Misses the Net.
14:58 of 1st period - Snap shot by Ilya Mikheyev.
14:58 of 1st period - Stopped by Jake Oettinger with a rebound.
15:00 of 1st period - Snap shot by Daniel O'regan.
15:00 of 1st period - Stopped by Jake Oettinger without a rebound.
15:01 of 1st period - Joakim Nygard wins face-off versus Anthony Richard in Rampage zone.
15:06 of 1st period - Wrist shot by Joakim Nygard.
15:06 of 1st period - Stopped by Jake Oettinger without a rebound.
15:07 of 1st period - Jason Dickinson wins face-off versus Anthony Richard in Rampage zone.
15:12 of 1st period - Slapshot by Matt Luff.
15:12 of 1st period - Shot Blocked by Pierre Engvall.
15:14 of 1st period - Snap shot by Joakim Nygard.
15:14 of 1st period - Stopped by Jake Oettinger with a rebound.
15:16 of 1st period - Slapshot by Matt Luff.
15:16 of 1st period - Stopped by Jake Oettinger with a rebound.
15:36 of 1st period - Snap shot by Joachim Blichfeld.
15:36 of 1st period - Stopped by Michael Houser without a rebound.
15:37 of 1st period - Daniel O'regan wins face-off versus Rourke Chartier in Little Stars zone.
15:37 of 1st period - Daniel O'regan is hit by Rourke Chartier.
15:43 of 1st period - Snap shot by Ilya Mikheyev.
15:43 of 1st period - Stopped by Jake Oettinger with a rebound.
16:55 of 1st period - Snap shot by Jeremy Lauzon.
16:55 of 1st period - Deflect By Paul Cotter.
16:55 of 1st period - Stopped by Michael Houser with a rebound.
16:57 of 1st period - Wrist shot by Jeremy Lauzon.
16:57 of 1st period - Shot Blocked by Reece Willcox.
17:15 of 1st period - Slapshot by Rourke Chartier.
17:15 of 1st period - Shot Blocked by Connor Mackey.
17:45 of 1st period - Ethan Bear is hit by Lawrence Pilut and loses puck.
18:02 of 1st period - Slapshot by Emile Poirier.
18:02 of 1st period - Deflect By Cal Burke.
18:02 of 1st period - Shot Misses the Net.
18:02 of 1st period - Puck is out of play.
18:03 of 1st period - Zach Stepan wins face-off versus Daniel O'regan in Rampage zone.
19:18 of 1st period - Evan Bouchard is hit by Sami Niku and loses puck.
Goals for this period are 3 for Rampage vs 3 for Little Stars.
Shots for this period are 14 for Rampage vs 22 for Little Stars.
2nd period
0:01 of 2nd period - Rourke Chartier wins face-off versus Daniel O'regan in neutral zone.
0:16 of 2nd period - Daniel O'regan is hit by Rourke Chartier and loses puck.
1:32 of 2nd period - Frederic Allard is hit by Tucker Poolman.
2:08 of 2nd period - Wrist shot by Adam Tambellini.
2:08 of 2nd period - Stopped by Jake Oettinger without a rebound.
2:09 of 2nd period - Anthony Richard wins face-off versus Jason Dickinson in Rampage zone.
2:41 of 2nd period - Dylan Blujus is hit by Lawrence Pilut and loses puck.
3:08 of 2nd period - Dylan Sikura is hit by Ville Pokka and loses puck.
3:23 of 2nd period - Frederic Allard is hit by Ilya Mikheyev and loses puck.
3:34 of 2nd period - Snap shot by Daniel O'regan.
3:34 of 2nd period - Shot Blocked by Pierre Engvall.
3:54 of 2nd period - Slapshot by Dominik Simon.
3:54 of 2nd period - Stopped by Michael Houser with a rebound.
3:56 of 2nd period - Wrist shot by Joachim Blichfeld.
3:56 of 2nd period - Stopped by Michael Houser without a rebound.
3:57 of 2nd period - Zach Stepan wins face-off versus Daniel O'regan in Little Stars zone.
3:58 of 2nd period - Snap shot by Dylan Sikura.
3:58 of 2nd period - Shot Misses the Net.
4:01 of 2nd period - Icing by Ville Pokka.
4:02 of 2nd period - Daniel O'regan wins face-off versus Zach Stepan in Little Stars zone.
4:02 of 2nd period - Daniel O'regan is hit by Dylan Sikura.
4:32 of 2nd period - Wrist shot by Daniel O'regan.
4:32 of 2nd period - Stopped by Jake Oettinger with a rebound.
4:43 of 2nd period - Minor Penalty to Dylan Sikura for Hooking.
4:44 of 2nd period - Trent Frederic wins face-off versus Jason Dickinson in Rampage zone.
5:00 of 2nd period - Slapshot by Joakim Nygard.
5:00 of 2nd period - Shot Blocked by Pierre Engvall.
5:22 of 2nd period - Ville Pokka is hit by Jeremy Lauzon and loses puck.
5:57 of 2nd period - Ville Pokka is hit by Anthony Richard and loses puck.
6:33 of 2nd period - Icing by Tucker Poolman.
6:34 of 2nd period - Zach Stepan wins face-off versus Joakim Nygard in Little Stars zone.
6:43 of 2nd period - Penalty to Dylan Sikura is over, Dylan Sikura is back on ice.
6:51 of 2nd period - Wrist shot by Radel Fazleev.
6:51 of 2nd period - Shot Misses the Net.
6:53 of 2nd period - Slapshot by Justin Auger.
6:53 of 2nd period - Shot Blocked by Dylan Blujus.
6:55 of 2nd period - Snap shot by Justin Auger.
6:55 of 2nd period - Deflect By Shane Gersich.
6:55 of 2nd period - Stopped by Jake Oettinger without a rebound.
6:56 of 2nd period - Rourke Chartier wins face-off versus Radel Fazleev in Rampage zone.
7:11 of 2nd period - Snap shot by Joachim Blichfeld.
7:11 of 2nd period - Stopped by Michael Houser without a rebound.
7:12 of 2nd period - Daniel O'regan wins face-off versus Jordan Kyrou in Little Stars zone.
7:39 of 2nd period - Ilya Mikheyev is hit by Trent Frederic and loses puck.
8:04 of 2nd period - Dominik Simon is hit by Matt Luff and loses puck.
8:10 of 2nd period - Minor Penalty to Sami Niku for Tripping.
8:11 of 2nd period - Jason Dickinson wins face-off versus Trent Frederic in Rampage zone.
10:10 of 2nd period - Penalty to Sami Niku is over, Sami Niku is back on ice.
10:28 of 2nd period - Snap shot by Cal Burke.
10:28 of 2nd period - Stopped by Jake Oettinger without a rebound.
10:29 of 2nd period - Filip Chytil wins face-off versus Rourke Chartier in Rampage zone.
10:38 of 2nd period - Snap shot by Filip Chytil.
10:38 of 2nd period - Stopped by Jake Oettinger with a rebound.
10:52 of 2nd period - Lawrence Pilut is hit by Anthony Richard and loses puck.
11:30 of 2nd period - Off-side.
11:31 of 2nd period - Daniel O'regan wins face-off versus Zach Stepan in neutral zone.
11:57 of 2nd period - Joakim Nygard is hit by Dominik Simon and loses puck.
12:02 of 2nd period - Slapshot by Dominik Simon.
12:02 of 2nd period - Goal by Dominik Simon - Rampage : 4 - Little Stars : 3.
12:03 of 2nd period - Rourke Chartier wins face-off versus Daniel O'regan in neutral zone.
12:43 of 2nd period - Snap shot by Artturi Lehkonen.
12:43 of 2nd period - Shot Misses the Net.
12:57 of 2nd period - Slapshot by Radel Fazleev.
12:57 of 2nd period - Stopped by Jake Oettinger with a rebound.
13:03 of 2nd period - Tucker Poolman is hit by Anthony Richard and loses puck.
13:34 of 2nd period - Ville Pokka is hit by Sami Niku and loses puck.
13:55 of 2nd period - Wrist shot by Jordan Kyrou.
13:55 of 2nd period - Deflect By Pierre Engvall.
13:55 of 2nd period - Shot Hit the Post.
13:55 of 2nd period - Puck is out of play.
13:56 of 2nd period - Jason Dickinson wins face-off versus Anthony Richard in Little Stars zone.
13:56 of 2nd period - Jason Dickinson is hit by Anthony Richard.
14:27 of 2nd period - Wrist shot by Evan Bouchard.
14:27 of 2nd period - Shot Blocked by Rourke Chartier.
14:47 of 2nd period - Wrist shot by Emile Poirier.
14:47 of 2nd period - Shot Misses the Net.
14:49 of 2nd period - Slapshot by Cal Burke.
14:49 of 2nd period - Shot Blocked by Dylan Blujus.
15:05 of 2nd period - Snap shot by Trent Frederic.
15:05 of 2nd period - Shot Misses the Net.
15:07 of 2nd period - Slapshot by Trent Frederic.
15:07 of 2nd period - Goal by Trent Frederic - Rampage : 5 - Little Stars : 3.
15:07 of 2nd period - Danil Tarasov enters game.
15:08 of 2nd period - Rourke Chartier wins face-off versus Daniel O'regan in neutral zone.
15:16 of 2nd period - Minor Penalty to Tucker Poolman for Hooking.
15:17 of 2nd period - Daniel O'regan wins face-off versus Rourke Chartier in Little Stars zone.
15:43 of 2nd period - Reece Willcox is hit by Paul Cotter and loses puck.
15:52 of 2nd period - Slapshot by Joachim Blichfeld.
15:52 of 2nd period - Shot Misses the Net.
16:10 of 2nd period - Reece Willcox is hit by Dominik Simon and loses puck.
16:45 of 2nd period - Ethan Bear is hit by Connor Mackey and loses puck.
17:16 of 2nd period - Penalty to Tucker Poolman is over, Tucker Poolman is back on ice.
17:31 of 2nd period - Snap shot by Dylan Sikura.
17:31 of 2nd period - Deflect By Shane Gersich.
17:31 of 2nd period - Shot Blocked by Shane Gersich.
17:31 of 2nd period - Puck is out of play.
17:32 of 2nd period - Jason Dickinson wins face-off versus Artturi Lehkonen in Little Stars zone.
19:03 of 2nd period - Snap shot by Anthony Richard.
19:03 of 2nd period - Stopped by Danil Tarasov with a rebound.
19:46 of 2nd period - Wrist shot by Emile Poirier.
19:46 of 2nd period - Shot Misses the Net.
Goals for this period are 2 for Rampage vs 0 for Little Stars.
Shots for this period are 6 for Rampage vs 6 for Little Stars.
3rd period
0:01 of 3rd period - Rourke Chartier wins face-off versus Daniel O'regan in neutral zone.
0:08 of 3rd period - Slapshot by Joachim Blichfeld.
0:08 of 3rd period - Goal by Joachim Blichfeld - Rampage : 6 - Little Stars : 3.
0:09 of 3rd period - Daniel O'regan wins face-off versus Rourke Chartier in neutral zone.
0:18 of 3rd period - Snap shot by Adam Tambellini.
0:18 of 3rd period - Shot Misses the Net.
1:03 of 3rd period - Wrist shot by Paul Cotter.
1:03 of 3rd period - Shot Misses the Net.
1:29 of 3rd period - Wrist shot by Dylan Sikura.
1:29 of 3rd period - Stopped by Danil Tarasov without a rebound.
1:30 of 3rd period - Daniel O'regan wins face-off versus Rourke Chartier in Little Stars zone.
1:57 of 3rd period - Jeremy Lauzon is hit by Matt Luff and loses puck.
2:04 of 3rd period - Snap shot by Jordan Kyrou.
2:04 of 3rd period - Shot Misses the Net.
2:06 of 3rd period - Slapshot by Henri Jokiharju.
2:06 of 3rd period - Deflect By Jordan Kyrou.
2:06 of 3rd period - Rampage goal is going for a video replay.
2:06 of 3rd period - The goal is refused. The puck has been directed, batted or thrown into the net by an attacking player other than with a stick..
2:07 of 3rd period - Justin Auger wins face-off versus Dominik Simon in Little Stars zone.
2:14 of 3rd period - Wrist shot by Radel Fazleev.
2:14 of 3rd period - Stopped by Jake Oettinger with a rebound.
2:51 of 3rd period - Tucker Poolman is hit by Ethan Bear and loses puck.
3:01 of 3rd period - Off-side.
3:02 of 3rd period - Rourke Chartier wins face-off versus Daniel O'regan in neutral zone.
4:53 of 3rd period - Icing by Rourke Chartier.
4:54 of 3rd period - Rourke Chartier wins face-off versus Jason Dickinson in Rampage zone.
4:54 of 3rd period - Rourke Chartier is hit by Matt Luff.
5:10 of 3rd period - Backhand shot by Joakim Nygard.
5:10 of 3rd period - Stopped by Jake Oettinger with a rebound.
6:10 of 3rd period - Snap shot by Ethan Bear.
6:10 of 3rd period - Deflect By Paul Cotter.
6:10 of 3rd period - Shot Misses the Net.
6:10 of 3rd period - Puck is out of play.
6:11 of 3rd period - Daniel O'regan wins face-off versus Rourke Chartier in Little Stars zone.
6:18 of 3rd period - Snap shot by Daniel O'regan.
6:18 of 3rd period - Shot Blocked by Dominik Simon.
6:48 of 3rd period - Wrist shot by Anthony Richard.
6:48 of 3rd period - Deflect By Jordan Kyrou.
6:48 of 3rd period - Stopped by Danil Tarasov without a rebound.
6:49 of 3rd period - Radel Fazleev wins face-off versus Anthony Richard in Little Stars zone.
6:49 of 3rd period - Radel Fazleev is hit by Anthony Richard.
6:57 of 3rd period - Backhand shot by Radel Fazleev.
6:57 of 3rd period - Shot Misses the Net.
7:19 of 3rd period - Wrist shot by Joachim Blichfeld.
7:19 of 3rd period - Stopped by Danil Tarasov without a rebound.
7:20 of 3rd period - Adam Tambellini wins face-off versus Rourke Chartier in Little Stars zone.
8:29 of 3rd period - Slapshot by Emil Bemstrom.
8:29 of 3rd period - Stopped by Danil Tarasov without a rebound.
8:30 of 3rd period - Filip Chytil wins face-off versus Trent Frederic in Little Stars zone.
8:35 of 3rd period - Wrist shot by Emile Poirier.
8:35 of 3rd period - Stopped by Jake Oettinger with a rebound.
8:37 of 3rd period - Wrist shot by Cal Burke.
8:37 of 3rd period - Deflect By Dylan Blujus.
8:37 of 3rd period - Shot Misses the Net.
8:37 of 3rd period - Puck is out of play.
8:38 of 3rd period - Rourke Chartier wins face-off versus Daniel O'regan in Rampage zone.
8:54 of 3rd period - Minor Penalty to Dominik Simon for Tripping.
8:55 of 3rd period - Daniel O'regan wins face-off versus Trent Frederic in Rampage zone.
9:05 of 3rd period - Slapshot by Ilya Mikheyev.
9:05 of 3rd period - Shot Misses the Net.
9:07 of 3rd period - Slapshot by Reece Willcox.
9:07 of 3rd period - Shot Blocked by Henri Jokiharju.
9:09 of 3rd period - Slapshot by Tucker Poolman.
9:09 of 3rd period - Shot Blocked by Dylan Blujus.
9:11 of 3rd period - Slapshot by Tucker Poolman.
9:11 of 3rd period - Shot Blocked by Henri Jokiharju.
9:25 of 3rd period - Slapshot by Reece Willcox.
9:25 of 3rd period - Shot Blocked by Trent Frederic.
10:09 of 3rd period - Jeremy Lauzon is hit by Daniel O'regan and loses puck.
10:54 of 3rd period - Penalty to Dominik Simon is over, Dominik Simon is back on ice.
10:59 of 3rd period - Snap shot by Pierre Engvall.
10:59 of 3rd period - Deflect By Dominik Simon.
10:59 of 3rd period - Stopped by Danil Tarasov without a rebound.
11:00 of 3rd period - Rourke Chartier wins face-off versus Radel Fazleev in Little Stars zone.
11:03 of 3rd period - Backhand shot by Dominik Simon.
11:03 of 3rd period - Stopped by Danil Tarasov without a rebound.
11:04 of 3rd period - Radel Fazleev wins face-off versus Rourke Chartier in Little Stars zone.
11:11 of 3rd period - Snap shot by Shane Gersich.
11:11 of 3rd period - Stopped by Jake Oettinger without a rebound.
11:12 of 3rd period - Rourke Chartier wins face-off versus Daniel O'regan in Rampage zone.
11:17 of 3rd period - Slapshot by Adam Tambellini.
11:17 of 3rd period - Shot Blocked by Rourke Chartier.
12:49 of 3rd period - Snap shot by Matt Luff.
12:49 of 3rd period - Stopped by Jake Oettinger with a rebound.
12:51 of 3rd period - Wrist shot by Joakim Nygard.
12:51 of 3rd period - Shot Misses the Net.
12:53 of 3rd period - Wrist shot by Jason Dickinson.
12:53 of 3rd period - Goal by Jason Dickinson - Rampage : 6 - Little Stars : 4.
12:54 of 3rd period - Dominik Simon wins face-off versus Daniel O'regan in neutral zone.
12:59 of 3rd period - Slapshot by Joachim Blichfeld.
12:59 of 3rd period - Deflect By Rourke Chartier.
12:59 of 3rd period - Deflect By Tucker Poolman.
12:59 of 3rd period - Shot Misses the Net.
12:59 of 3rd period - Puck is out of play.
13:00 of 3rd period - Rourke Chartier wins face-off versus Daniel O'regan in Little Stars zone.
13:31 of 3rd period - Jason Dickinson is hit by Sami Niku and loses puck.
13:58 of 3rd period - Wrist shot by Artturi Lehkonen.
13:58 of 3rd period - Stopped by Danil Tarasov with a rebound.
14:00 of 3rd period - Wrist shot by Dylan Sikura.
14:00 of 3rd period - Stopped by Danil Tarasov without a rebound.
14:01 of 3rd period - Ilya Mikheyev wins face-off versus Rourke Chartier in Little Stars zone.
14:03 of 3rd period - Minor Penalty to Ville Pokka for Holding.
14:04 of 3rd period - Rourke Chartier wins face-off versus Daniel O'regan in Little Stars zone.
14:04 of 3rd period - Wrist shot by Dominik Simon.
14:04 of 3rd period - Deflect By Jordan Kyrou.
14:04 of 3rd period - Goal by Jordan Kyrou - Rampage : 7 - Little Stars : 4.
14:05 of 3rd period - Daniel O'regan wins face-off versus Rourke Chartier in neutral zone.
14:32 of 3rd period - Matt Luff is hit by Ethan Bear and loses puck.
14:59 of 3rd period - Snap shot by Jeremy Lauzon.
14:59 of 3rd period - Shot Blocked by Ville Pokka.
15:01 of 3rd period - Slapshot by Jeremy Lauzon.
15:01 of 3rd period - Stopped by Danil Tarasov with a rebound.
15:18 of 3rd period - Minor Penalty to Dylan Blujus for Hooking.
15:19 of 3rd period - Trent Frederic wins face-off versus Daniel O'regan in Rampage zone.
17:18 of 3rd period - Penalty to Dylan Blujus is over, Dylan Blujus is back on ice.
17:29 of 3rd period - Slapshot by Emile Poirier.
17:29 of 3rd period - Shot Blocked by Ethan Bear.
17:31 of 3rd period - Slapshot by Reece Willcox.
17:31 of 3rd period - Stopped by Jake Oettinger with a rebound.
17:33 of 3rd period - Snap shot by Filip Chytil.
17:33 of 3rd period - Shot Misses the Net.
17:35 of 3rd period - Wrist shot by Reece Willcox.
17:35 of 3rd period - Shot Misses the Net.
17:44 of 3rd period - Off-side.
17:45 of 3rd period - Radel Fazleev wins face-off versus Rourke Chartier in neutral zone.
18:30 of 3rd period - Minor Penalty to Filip Chytil for High sticking.
18:31 of 3rd period - Adam Tambellini wins face-off versus Rourke Chartier in Little Stars zone.
19:00 of 3rd period - Snap shot by Joachim Blichfeld.
19:00 of 3rd period - Shot Blocked by Ville Pokka.
19:04 of 3rd period - Slapshot by Anthony Richard.
19:04 of 3rd period - Shot Misses the Net.
19:06 of 3rd period - Snap shot by Paul Cotter.
19:06 of 3rd period - Goal by Paul Cotter - Rampage : 8 - Little Stars : 4.
19:07 of 3rd period - Rourke Chartier wins face-off versus Jason Dickinson in neutral zone.
19:12 of 3rd period - Henri Jokiharju is hit by Jason Dickinson and loses puck.
19:21 of 3rd period - Snap shot by Joachim Blichfeld.
19:21 of 3rd period - Shot Blocked by Reece Willcox.
19:33 of 3rd period - Pierre Engvall is hit by Ilya Mikheyev and loses puck.
19:40 of 3rd period - Snap shot by Daniel O'regan.
19:40 of 3rd period - Deflect By Ilya Mikheyev.
19:40 of 3rd period - Stopped by Jake Oettinger with a rebound.
19:59 of 3rd period - Zach Stepan is hit by Radel Fazleev and loses puck.
Goals for this period are 3 for Rampage vs 1 for Little Stars.
Shots for this period are 13 for Rampage vs 8 for Little Stars.